 Dungeon Crawl Stone Soup version 0.28-a0-529-g3bad584f25 (webtiles) character file.

Game seed: 8141717437229507114

2 Shayle the Skirmisher (level 1, 0/22 HPs)
             Began as an Ogre Warper on Sept 25, 2021.
             Slain by a bat (1 damage)
             ... on level 1 of the Dungeon.
             The game lasted 00:00:57 (152 turns).

Shayle the Skirmisher (Ogre Warper)                  Turns: 152, Time: 00:00:58

Health: 0/22       AC:  3    Str: 14    XL:     1   Next: 30%
Magic:  3/3        EV:  9    Int: 14    God:
Gold:   9          SH:  0    Dex:  8    Spells: 4/4 levels left

rFire   . . .      SeeInvis .   a - +0 hand axe
rCold   . . .      Faith    .   (no shield)
rNeg    . . .      Spirit   .   b - +0 robe
rPois   .          Reflect  .   (helmet restricted)
rElec   .          Harm     .   (no cloak)
rCorr   .          Rampage  .   (gloves unavailable)
Will    .....                   (boots unavailable)
Stlth   +.........              (no amulet)
HPRegen 0.07/turn               (no ring)
MPRegen 0.08/turn               (no ring)

@: no status effects
A: large, unfitting armour, tough skin 1
a: no special abilities


You were on level 1 of the Dungeon.
You visited 1 branch of the dungeon, and saw 1 of its levels.

You collected 9 gold pieces.

Inventory:

Hand Weapons
 a - a +0 hand axe (weapon)
Missiles
 d - 3 boomerangs of dispersal (quivered)
Armour
 b - a +0 robe (worn)
Scrolls
 e - a scroll of fear {unknown}


   Skills:
 + Level 2.8 Fighting
 + Level 2.1 Axes
 - Level 1.0 Throwing
 - Level 2.1 Dodging
 - Level 2.4 Spellcasting
 - Level 2.6 Translocations


You had 4 spell levels left.
You didn't know any spells.
Your spell library contained the following spells:

 Spells                   Type           Power      Damage    Failure   Level
 Blink                    Tloc           N/A        N/A       12%         2
 Gell's Gravitas          Tloc           4%         N/A       22%         3
 Lesser Beckoning         Tloc           9%         N/A       22%         3
 Teleport Other           Tloc           9%         N/A       22%         3
 Manifold Assault         Tloc           9%         N/A       91%         5


Dungeon Overview and Level Annotations

Branches:
Dungeon (1/15)

Altars:

Shops:
D:1 [


Innate Abilities, Weirdness & Mutations

You are too large for most types of armour.
You have tough skin. (AC +1)


Message History

The quokka is almost dead.
You miss the bat. The bat barely misses you. The quokka bites you. x2
You are too injured to fight recklessly!
You are too injured to fight recklessly!
You are too injured to fight recklessly!
You are too injured to fight recklessly!
You are too injured to fight recklessly!
You barely miss the quokka.
The quokka is almost dead.
The bat barely misses you. The quokka bites you.
You miss the quokka.
The quokka is almost dead.
The bat barely misses you. The quokka bites you.
* * * LOW HITPOINT WARNING * * *
The quokka bites you.
* * * LOW HITPOINT WARNING * * *
Blink to where?
Press: ? - help, Dir - move target
As you read the scroll of blinking, it crumbles to dust.
You aren't carrying any potions.
Throw: 5 boomerangs (disperse)
Press: ? - help, Q - select action Shift-Dir - straight line, f - quokka
Aim: a quokka (translocational energy, almost dead, 41% to hit)
You throw a boomerang of dispersal.
The boomerang of dispersal barely misses the quokka.
Throw: 4 boomerangs (disperse)
Press: ? - help, Q - select action Shift-Dir - straight line, f/p - quokka
Aim: a quokka (severely wounded, 41% to hit)
You throw a boomerang of dispersal.
The boomerang of dispersal hits the quokka.
The quokka blinks!
The bat hits you but does no damage. The bat closely misses you.
You see here a +0 short sword.
The bat hits you.
* * * LOW HITPOINT WARNING * * *
The bat hits you but does no damage. The bat hits you but does no damage.
The bat hits you.
You die...

#...# #....##.###.# # ###...#
#.##..#.##.###.... .....#
#.#.............## ##
#...#######.#.#####†#####.#
..##.........#.#.#...#.#...# #
.....r.#####.#.#.#...'†#...#
..♣........#.#.#.#...#.#...#
♣.∩b♣..###.#r#.#.#####.##'##.##
..♣...........).@.............#
.......###.#..##b##'##.#####..#
.#####.# #.......#...#.#...# .#
. #.# ###..#..#.<.#.'.>.# ..
#.# #..#..#...#.#...# .. #.#
#..##.#####.#####..# # #.#
#..##.............#
#.#####..#####....#####.#
#........# ##..##


You could see a quokka and a bat.

Vanquished Creatures
  A bat (D:1)
  2 rats (D:1)
3 creatures vanquished.

Notes
Turn   | Place    | Note
-------+----------+-------------------------------------------
     0 | D:1      | Shayle the Ogre Warper began the quest for the Orb.
     0 | D:1      | Reached XP level 1. HP: 22/22 MP: 3/3
   126 | D:1      | Found Riunwo's Armour Emporium.
   140 | D:1      | HP: 1/22 [quokka (4)]
   149 | D:1      | HP: 1/22 [bat (1)]
   152 | D:1      | Slain by a bat

Illustrated notes

Levels and vault maps discovered:
D:1:      minmay_arrival_four_houses, layout_loops_ring,
          ebering_ecumenical_altar_rust, serial_shops, nicolae_shop_trees,
          minmay_lizard_pond

Action                   || total
-------------------------++-------
Melee: Hand axe          ||    10
Throw: Boomerang         ||     2
  Use: Scroll            ||     1
Armor: Robe              ||    10
Dodge: Dodged            ||    12

Table legend: (Time is in decaauts)
 A = Elapsed time spent in this place.
 B = Non-inter-level travel time spent in this place.
 C = Inter-level travel time spent in this place.
 D = Time resting spent in this place.
 E = Time spent auto-exploring this place.
 F = Levels seen in this place.
 G = Mean time per level.
                   A        B        C        D        E       F      G
               +--------+--------+--------+--------+--------+-----+--------+
         Total |    154 |    154 |      0 |      0 |     62 |   1 |  154.0 |
       Dungeon |    154 |    154 |      0 |      0 |     62 |   1 |  154.0 |
               +--------+--------+--------+--------+--------+-----+--------+

Top non-repeatable levels by time:
     D:1: 154 daAuts
